 Dungeon Crawl Stone Soup version 0.27.1-33-g824d729ab1 (webtiles) character file.

Game seed: 6277758487910262597

19 djsenpai the Sneak (level 2, -2/19 HPs)
             Began as a Vampire Brigand on Dec 12, 2021.
             Slain by Robin (6 damage)
             ... on level 2 of the Dungeon.
             The game lasted 00:04:40 (910 turns).

djsenpai the Sneak (Vampire Brigand)                 Turns: 910, Time: 00:04:41

Health: -2/19      AC:  3    Str: 10    XL:     2   Next: 55%
Magic:  2/2        EV: 12    Int: 13    God:
Gold:   21         SH:  0    Dex: 15    Spells: 1/1 levels left

rFire    . . .     SeeInvis +   a - +2 dagger
rCold    . . .     Faith    .   (no shield)
rNeg     . . .     Spirit   .   b - +0 robe
rPois    .         Reflect  .   (no helmet)
rElec    .         Harm     .   c - +0 cloak
rCorr    .         Rampage  .   (no gloves)
Will     .....                  (no boots)
Stlth    +++.......             (no amulet)
HPRegen  0.26/turn              g - ring of see invisible
MPRegen  0.08/turn              (no ring)

@: healing quickly
A: alive, fangs 3, see invisible, vampiric 1, [frail 1]
a: Exsanguinate


You were on level 2 of the Dungeon.
You visited 1 branch of the dungeon, and saw 2 of its levels.

You collected 21 gold pieces.

Inventory:

Hand Weapons
 a - a +2 dagger (weapon)
Missiles
 d - 8 poisoned darts (quivered)
 e - 2 curare-tipped darts
Armour
 b - a +0 robe (worn)
 c - a +0 cloak (worn)
Jewellery
 g - a ring of see invisible (left hand)
Scrolls
 h - a scroll of magic mapping {unknown}
 i - 2 scrolls of amnesia {unknown}
Potions
 f - 2 potions of curing {unknown}


   Skills:
 + Level 1.9 Fighting
 + Level 2.3 Short Blades
 + Level 1.6 Throwing
 + Level 1.3 Dodging
 + Level 6.7 Stealth


You had one spell level left.
You didn't know any spells.
Your spell library contained the following spells:

 Spells                   Type           Power      Damage    Failure   Level
 Animate Skeleton         Necr           0%         N/A       30%         1
 Apportation              Tloc           0%         N/A       30%         1
 Corona                   Hex            0%         N/A       30%         1
 Summon Small Mammal      Summ           0%         N/A       30%         1


Dungeon Overview and Level Annotations

Branches:
Dungeon (2/15)

Altars:
Nemelex Xobeh

Annotations:
D:2 Robin


Innate Abilities, Weirdness & Mutations

Your natural rate of healing is accelerated.
You have razor-sharp teeth.
You have supernaturally acute eyesight. (SInv)
You are afflicted with vampirism.
[You are frail. (-10% HP)]


Message History

The goblin hits you with a +0 dagger.
* * * LOW HITPOINT WARNING * * *
The goblin no longer looks unusually strong.
The goblin no longer looks unusually strong.
You hit the goblin.
You kill the goblin!
You hit the goblin. Your bite misses the goblin.
The goblin is moderately wounded.
You hit the goblin.
The goblin is severely wounded.
The goblin hits you but does no damage.
You hit the goblin.
You kill the goblin!
You barely miss the goblin. The goblin hits you with a +0 dagger.
You closely miss the goblin. You hit the goblin.
You kill the goblin!
Things that are here:
a +0 dagger; a +0 dagger; a goblin corpse You start resting.
HP restored.
Things that are here:
a +0 club; a goblin corpse Partly explored, can't reach some places.
There is a stone staircase leading down here.
You climb downwards.
Level annotation: Robin The hobgoblin hits you but does no damage.
The goblin barely misses you. The goblin hits you but does no damage.
The goblin hits you with a +0 dagger of holy wrath.
You convulse.
The hobgoblin hits you. The goblin hits you with a +0 club. x2
The hobgoblin barely misses you.
There is a stone staircase leading up here.
The goblin hits you with a +0 dagger of holy wrath.
You convulse.
The hobgoblin closely misses you. The goblin barely misses you.
The goblin hits you with a +0 club.
* * * LOW HITPOINT WARNING * * *
The hobgoblin closely misses you.
Robin hits you from afar with a +3 trident of venom.
You die...

#.# . #.##
..#####..## ##
..........##...
##.............
...............
##.._..gg......
......g@.g.....
##....gggg.....
........l......
#...........!..
..##...........
# ##.....##...
####... ...
#### #(


You could see Robin, 3 hobgoblins, 4 goblins and a frilled lizard.

Vanquished Creatures
  A dart slug (D:1)
  A bat (D:1)
  4 endoplasms (D:1)
  A giant cockroach (D:1)
  3 goblins (D:1)
  A hobgoblin (D:1)
  A frilled lizard (D:1)
  3 rats (D:1)
15 creatures vanquished.

Notes
Turn   | Place    | Note
-------+----------+-------------------------------------------
     0 | D:1      | djsenpai the Vampire Brigand began the quest for the Orb.
     0 | D:1      | Reached XP level 1. HP: 16/16 MP: 1/1
    95 | D:1      | Reached skill level 6 in Stealth
   310 | D:1      | Reached XP level 2. HP: 17/17 MP: 2/2
   404 | D:1      | Found a faded altar of an unknown god.
   799 | D:2      | Noticed Robin
   799 | D:2      | Found a sparkling altar of Nemelex Xobeh.
   910 | D:2      | Slain by Robin

Illustrated notes

Levels and vault maps discovered:
D:1:      evilmike_arrival_plus, layout_basic, shapermc_ecumenical_altar_gd,
          minmay_misc_feat_rows
D:2:      layout_rooms, basic_altar, uniq_jessica, uniq_robin

Skill      XL: |  1 |
---------------+----+-----
Stealth        | 6 |  6.7
Fighting       | |  1.9
Short Blades   | |  2.3
Throwing       | |  1.6
Dodging        | |  1.3

Action                   || total
-------------------------++-------
Melee: Dagger            ||    29
       Bite              ||     1
Throw: Dart              ||     2
 Abil: Exsanguinate      ||     2
       Revivify          ||     1
 Stab: Sleeping          ||     7
Armor: Robe              ||    11
Dodge: Dodged            ||    18
